Map: Forgotten Sanctuary

Players

ThatMan - Winner!

  • Race: Terran Terran
  • Spawn Location: 3:00

TKUifyousuck - Winner!

  • Race: Protoss Protoss
  • Spawn Location: 6:00

Chucky - Winner!

  • Race: Zerg Zerg
  • Spawn Location: 6:00

asd - Winner!

  • Race: Protoss Protoss
  • Spawn Location: 3:00

Ramoblaze

  • Race: Protoss Protoss
  • Spawn Location: 12:00

Dragunov

  • Race: Protoss Protoss
  • Spawn Location: 9:00

Infamous

  • Race: Protoss Protoss
  • League: Silver
  • Spawn Location: 9:00

BlackAlpha

  • Race: Protoss Protoss
  • Spawn Location: 12:00

VOD

Have the link to the VOD?

Description

Time

  • Played on: April 3, 2018, 10:44 a.m.
  • Length: 17:55
Show
View Real Time Build Order
Export as new Build Order

ThatMan Terran - Winner!

Build Orders:  

Get SALT Encoding   

  12  0:02  SCV  
  13  0:14  SCV  
  14  0:26  SCV  
  15  0:40  Supply Depot  
  15  0:53  Refinery  
  15  0:57  Refinery  
  15  1:02  SCV  
  16  1:08  Barracks  
  16  1:14  SCV  
  17  1:26  SCV  
  17  1:32  Barracks  
  18  1:38  SCV  
  19  1:49  Engineering Bay  
  19  1:50  SCV  
  20  2:00  Supply Depot  
  20  2:02  SCV  
  20  2:03  Barracks Reactor  
  21  2:15  SCV  
  22  2:16  Terran Infantry Weapons Level 1  
  22  2:25  Supply Depot  
  22  2:27  Barracks Reactor  
  22  2:31  SCV  
  23  2:41  Reaper x2  
  25  3:09  Reaper x2  
  25  3:10  Missile Turret  
  27  3:13  Reaper, SCV  
  27  3:14  Reaper  
  30  3:25  SCV  
  31  3:32  Supply Depot  
  31  3:38  Orbital Command  
  31  3:41  Reaper x2  
  32  3:45  Reaper  
  32  3:46  Reaper  
  35  3:57  Missile Turret  
  35  4:58  Reaper x2  
  35  4:59  Reaper x2  
  39  5:28  SCV  
  40  5:30  Reaper  
  40  5:31  Reaper x3  
  40  5:32  Command Center  
  40  5:33  Command Center  
  44  5:41  Command Center  
  44  6:47  Refinery  
  44  6:51  Orbital Command  
  44  6:54  Refinery, Planetary Fortress  
  44  6:58  SCV  
  45  7:07  Refinery  
  45  7:08  Missile Turret, Planetary Fortress  
  45  7:10  SCV  
  45  7:12  Refinery  
  45  7:13  Refinery  
  46  7:16  Refinery  
  46  7:17  Marine x4  
  46  7:22  SCV  
  51  7:24  Supply Depot  
  51  7:29  Missile Turret  
  51  7:32  Supply Depot  
  51  7:34  SCV  
  51  7:35  Marine x4  
  55  7:46  SCV  
  55  7:52  Marine  
  44  8:48  SCV  
  45  8:53  SCV  
  46  9:00  SCV  
  47  9:05  SCV  
  48  9:12  SCV  
  48  9:14  SCV  
  50  9:17  SCV  
  51  9:24  SCV  
  51  9:26  SCV  
  51  9:29  SCV x2  
  55  9:36  Factory, SCV  
  57  9:38  SCV  
  57  9:39  Factory  
  57  9:41  SCV  
  57  9:42  SCV  
  57  9:43  Supply Depot  
  59  9:47  Supply Depot  
  59  9:48  SCV  
  59  9:50  SCV  
  61  9:53  SCV  
  61  9:54  SCV  
  63  10:00  SCV  
  63  10:02  SCV  
  63  10:05  SCV  
  66  10:15  SCV  
  66  10:17  SCV  
  68  10:23  Supply Depot  
  68  10:27  Supply Depot, SCV  
  69  10:29  SCV  
  70  10:39  SCV, Armory  
  70  10:41  Armory  
  71  10:45  Armory  
  71  10:46  Starport  
  71  10:48  Starport  
  71  10:49  Starport  
  71  10:51  SCV  
  71  10:55  Starport  
  72  11:03  SCV  
  72  11:04  Starport  
  73  11:07  Command Center  
  73  11:15  Supply Depot  
  73  11:19  Factory Reactor  
  73  11:20  Factory Reactor  
  73  11:23  SCV  
  74  11:29  SCV  
  74  11:32  SCV  
  76  11:39  Supply Depot  
  76  11:41  SCV, Starport Tech Lab x4  
  76  11:42  Starport Tech Lab  
  76  11:44  SCV, Terran Vehicle Weapons Level 1  
  76  11:45  Terran Vehicle And Ship Armor Level 1  
  78  11:47  Terran Ship Weapons Level 1  
  78  11:53  SCV  
  79  11:54  Fusion Core  
  79  11:56  SCV  
  79  12:00  Cyclone  
  87  12:01  Widow Mine x2  
  87  12:02  Widow Mine  
  87  12:05  SCV  
  82  12:08  SCV  
  82  12:13  Missile Turret  
  76  12:16  Sensor Tower  
  76  12:18  Missile Turret, SCV  
  76  12:20  Missile Turret, SCV  
  78  12:22  Widow Mine  
  78  12:23  Missile Turret, Widow Mine x2  
  80  12:33  Widow Mine  
  74  12:40  Missile Turret  
  74  12:42  Weapon Refit  
  66  12:44  Widow Mine x3  
  66  12:45  Battlecruiser x2  
  73  12:54  Widow Mine  
  69  13:05  Widow Mine x2  
  69  13:06  Widow Mine  
  69  13:10  Supply Depot  
  71  13:15  Widow Mine  
  73  13:27  Widow Mine x3  
  79  13:37  Widow Mine  
  81  13:47  Orbital Command  
  81  13:48  Widow Mine x3  
  85  13:52  Refinery  
  85  13:53  Battlecruiser  
  93  13:58  Widow Mine  
  95  14:08  Terran Vehicle Weapons Level 2  
  95  14:09  Terran Vehicle And Ship Armor Level 2, Widow Mine  
  99  14:10  Terran Ship Weapons Level 2, Widow Mine x2  
  101  14:18  SCV  
  101  14:20  Widow Mine  
  98  14:30  SCV  
  99  14:42  SCV  
  100  14:51  Battlecruiser  
  106  14:54  SCV  
  107  15:06  SCV  
  108  15:11  Command Center  
  108  15:16  Starport  
  108  15:45  Supply Depot  
  108  15:50  Supply Depot  
  108  16:03  Supply Depot  
  108  16:07  Battlecruiser  
  114  16:12  Battlecruiser  
  114  16:15  Supply Depot  
  120  16:23  Missile Turret  
  120  16:25  Battlecruiser  
  126  16:27  Supply Depot  
  126  16:28  Orbital Command  
  126  16:42  Refinery  
  126  16:57  SCV  
  127  17:09  SCV  
  128  17:21  SCV  
  128  17:22  Missile Turret  
  129  17:27  Supply Depot x2  
  129  17:33  SCV  
  142  17:50  Supply Depot  
  143  17:53  Supply Depot  
Show
View Real Time Build Order
Export as new Build Order

TKUifyousuck Protoss - Winner!

Build Orders:  

Get SALT Encoding   

  12  0:01  Probe (Chrono Boost)  
  13  0:11  Probe (Chrono Boost)  
  14  0:16  Probe (Chrono Boost)  
  15  0:31  Pylon  
  15  0:49  Probe  
  16  0:53  Forge  
  16  1:01  Probe  
  17  1:34  Photon Cannon  
  17  2:06  Pylon  
  17  2:23  Pylon  
  17  2:32  Gateway  
  15  2:57  Probe  
  16  3:09  Probe  
  17  3:21  Probe  
  17  3:27  Photon Cannon x3  
  17  3:33  Probe  
  14  3:45  Probe  
  12  3:49  Pylon  
  11  4:20  Zealot  
  11  4:23  Probe  
  14  4:35  Probe  
  15  4:47  Zealot (Chrono Boost)  
  15  4:48  Probe (Chrono Boost)  
  18  4:58  Probe (Chrono Boost)  
  19  5:03  Probe (Chrono Boost)  
  20  5:10  Zealot (Chrono Boost)  
  20  5:14  Probe  
  21  5:31  Zealot  
  23  5:36  Nexus  
  23  5:58  Zealot  
  25  6:49  Probe x2 (Chrono Boost)  
  27  6:55  Pylon  
  27  6:57  Pylon  
  27  6:59  Probe x2 (Chrono Boost)  
  29  7:04  Probe x2 (Chrono Boost)  
  31  7:15  Probe x2, Photon Cannon  
  33  7:18  Photon Cannon  
  33  7:19  Photon Cannon  
  33  7:23  Photon Cannon  
  33  7:27  Probe x2  
  35  8:05  Pylon  
  35  8:25  Photon Cannon x2  
  35  8:26  Photon Cannon  
  35  8:45  Nexus  
  34  9:32  Probe  
  34  9:33  Probe  
  36  9:45  Probe x2, Pylon  
  38  9:48  Pylon x2  
  38  9:50  Pylon  
  38  9:57  Probe x2  
  36  10:09  Probe x2  
  36  10:10  Zealot  
  30  10:21  Probe x2  
  23  10:37  Zealot  
  25  10:45  Pylon  
  25  10:46  Pylon  
  25  10:48  Pylon  
  25  10:50  Pylon  
  25  10:54  Pylon  
  25  10:56  Pylon  
  25  11:05  Forge  
  25  11:08  Photon Cannon  
  25  11:10  Photon Cannon  
  21  11:48  Photon Cannon  
  21  11:56  Photon Cannon  
  1  12:57  Photon Cannon  
Show
View Real Time Build Order
Export as new Build Order

Chucky Zerg - Winner!

Build Orders: Pool First 

Get SALT Encoding   

  12  0:08  Drone  
  12  0:10  Drone  
  14  0:28  Spawning Pool  
  14  0:30  Drone  
  14  0:34  Extractor  
  13  0:48  Drone  
  14  0:50  Overlord  
  14  1:19  Zergling x4  
  14  1:20  Zergling x2  
  17  1:26  Queen  
  19  1:39  Metabolic Boost  
  19  1:58  Zergling x6  
  22  2:14  Overlord  
  22  2:25  Hatchery  
  21  2:49  Zergling x2  
  21  2:50  Zergling x6  
  25  2:51  Zergling x2  
  25  2:55  Extractor  
  25  3:05  Zergling x2  
  25  3:06  Zergling x2  
  25  3:30  Zergling x2  
  25  3:31  Zergling x2  
  26  3:37  Lair  
  26  3:41  Queen  
  26  4:01  Zergling x2  
  26  4:02  Zergling x6  
  29  4:22  Zergling x6  
  28  4:26  Drone  
  26  4:42  Drone x2  
  26  4:43  Drone  
  29  4:47  Drone  
  27  5:18  Zergling x8  
  27  5:19  Zergling x6  
  31  6:06  Zergling x2  
  31  6:07  Zergling x6  
  31  6:08  Overlord  
  35  6:14  Extractor x2  
  35  6:15  Lair  
  33  6:35  Pneumatized Carapace  
  31  6:47  Drone x3  
  31  6:48  Drone  
  31  6:51  Spire  
  30  7:17  Zergling x2  
  30  7:18  Zergling x10, Burrow  
  32  7:45  Drone  
  32  7:46  Drone x5  
  35  7:57  Drone  
  35  7:58  Drone x2  
  36  8:02  Drone  
  32  8:25  Mutalisk x4  
  40  8:35  Drone  
  40  8:36  Infestation Pit  
  40  8:37  Drone  
  41  9:11  Hatchery  
  40  9:34  Drone x4  
  40  9:36  Overlord x2  
  40  9:37  Overlord  
  44  9:58  Mutalisk  
  44  9:59  Mutalisk x6  
  54  10:19  Drone x3  
  54  10:20  Drone x2  
  54  10:21  Drone  
  60  10:32  Mutalisk  
  60  10:33  Mutalisk  
  64  11:00  Hatchery  
  63  11:16  Hive  
  63  11:18  Hatchery, Zerg Flyer Armor Level 1  
  63  11:22  Drone x4  
  44  11:53  Neural Parasite  
  44  12:18  Hatchery  
  43  12:29  Mutalisk x5  
  45  12:36  Drone x2  
  59  12:37  Drone x7  
  62  12:44  Extractor  
  62  12:49  Extractor  
  60  12:52  Drone  
  60  12:53  Drone x6  
  67  13:03  Mutalisk x2  
  71  13:09  Overlord  
  71  13:10  Overlord  
  71  13:12  Zerg Flyer Weapons Level 1, Pathogen Glands  
  71  13:19  Extractor  
  70  13:21  Extractor  
  70  13:23  Extractor  
  68  13:29  Mutalisk  
  68  13:30  Mutalisk x3  
  76  13:37  Drone x3  
  76  13:39  Drone x3  
  82  13:56  Mutalisk  
  84  14:03  Mutalisk  
  84  14:06  Overlord  
  86  14:11  Drone x4  
  86  14:12  Drone x4  
  86  14:15  Overseer  
  94  14:21  Adrenal Glands  
  94  14:28  Mutalisk  
  94  14:30  Drone x2  
  94  14:31  Drone x2  
  99  14:32  Drone x2  
  99  14:36  Overlord  
  99  14:37  Overlord  
  102  14:50  Overlord  
  102  14:51  Overlord x2  
  102  14:59  Mutalisk x2  
  104  15:00  Extractor, Mutalisk x3  
  104  15:06  Zerg Flyer Armor Level 2  
  111  15:13  Queen x2  
  115  15:14  Overlord x3  
  115  15:15  Overlord  
  115  15:16  Mutalisk x2  
  119  15:42  Mutalisk x7  
  123  16:28  Mutalisk  
  123  16:29  Mutalisk x9  
  143  16:42  Mutalisk x2  
  143  16:43  Mutalisk  
  143  16:45  Overlord  
  143  16:46  Overlord x4  
  149  16:47  Mutalisk  
  151  17:03  Zergling x14  
  151  17:04  Zergling x30  
Show
View Real Time Build Order
Export as new Build Order

asd Protoss - Winner!

Build Orders:  

Get SALT Encoding   

  12  0:40  Pylon  
  12  0:41  Pylon  
  12  0:43  Pylon  
  12  0:45  Pylon  
  12  1:02  Probe (Chrono Boost)  
  12  1:04  Pylon  
  14  1:12  Probe (Chrono Boost)  
  14  1:17  Probe (Chrono Boost)  
  15  1:28  Probe  
  16  1:35  Forge  
  16  1:40  Probe  
  17  1:52  Probe  
  18  2:14  Nexus  
  18  2:21  Gateway  
  18  2:22  Probe  
  19  2:27  Assimilator  
  19  2:34  Assimilator  
  19  2:36  Probe (Chrono Boost)  
  20  2:46  Probe (Chrono Boost)  
  21  2:51  Probe (Chrono Boost)  
  22  3:02  Probe  
  23  3:14  Probe  
  24  3:28  Probe (Chrono Boost), Nexus  
  25  3:38  Probe (Chrono Boost)  
  25  3:41  Cybernetics Core  
  26  3:43  Probe (Chrono Boost)  
  28  3:59  Probe (Chrono Boost)  
  28  4:06  Probe  
  28  4:09  Photon Cannon  
  29  4:10  Photon Cannon  
  29  4:18  Probe (Chrono Boost)  
  30  4:26  Stargate  
  30  4:30  Probe (Chrono Boost), Assimilator  
  31  4:38  Probe (Chrono Boost)  
  31  4:45  Probe  
  31  4:50  Assimilator  
  32  4:57  Probe  
  33  5:09  Probe  
  34  5:16  Nexus  
  34  5:20  Probe (Chrono Boost), Assimilator  
  36  5:24  Assimilator  
  36  5:26  Probe (Chrono Boost)  
  36  5:29  Assimilator  
  36  5:30  Probe (Chrono Boost)  
  36  5:34  Assimilator  
  36  5:35  Probe (Chrono Boost)  
  38  5:40  Probe (Chrono Boost)  
  38  5:42  Probe (Chrono Boost)  
  40  5:43  Void Ray  
  44  6:00  Probe (Chrono Boost)  
  46  6:12  Probe (Chrono Boost)  
  46  6:16  Probe (Chrono Boost)  
  47  6:27  Probe  
  47  6:30  Stargate  
  48  6:33  Stargate  
  48  6:35  Stargate  
  48  6:37  Stargate  
  48  6:39  Probe (Chrono Boost)  
  49  6:51  Probe (Chrono Boost)  
  50  6:59  Probe x2 (Chrono Boost)  
  52  7:07  Probe (Chrono Boost)  
  55  7:09  Probe (Chrono Boost)  
  55  7:11  Probe (Chrono Boost)  
  57  7:16  Probe (Chrono Boost)  
  57  7:17  Probe (Chrono Boost)  
  57  7:21  Probe (Chrono Boost), Void Ray x3  
  57  7:22  Probe (Chrono Boost), Void Ray  
  74  7:24  Probe (Chrono Boost)  
  74  7:29  Probe  
  77  7:31  Probe  
  77  7:35  Probe  
  77  7:37  Pylon  
  79  7:39  Pylon  
  79  7:41  Probe  
  79  7:43  Probe  
  81  7:45  Pylon  
  81  7:52  Pylon  
  81  7:54  Probe (Chrono Boost)  
  81  7:55  Pylon  
  82  8:00  Pylon  
  84  8:06  Probe (Chrono Boost)  
  84  8:07  Probe (Chrono Boost)  
  84  8:12  Pylon  
  86  8:13  Probe (Chrono Boost)  
  86  8:14  Pylon, Probe (Chrono Boost)  
  86  8:15  Probe (Chrono Boost)  
  86  8:18  Pylon  
  88  8:21  Probe (Chrono Boost)  
  88  8:22  Probe (Chrono Boost)  
  88  8:23  Probe (Chrono Boost)  
  88  8:24  Pylon  
  88  8:26  Probe (Chrono Boost)  
  90  8:27  Void Ray x2  
  90  8:28  Void Ray  
  90  8:32  Probe  
  98  8:37  Probe  
  99  8:43  Void Ray  
  99  8:47  Void Ray  
  107  8:49  Probe  
  101  9:01  Probe  
  95  9:25  Pylon  
  95  9:27  Void Ray  
  95  9:28  Void Ray x3  
  111  9:43  Void Ray  
  115  10:10  Void Ray  
  117  13:00  Pylon  
  117  13:02  Pylon  
  117  13:04  Pylon  
  117  13:05  Pylon  
  117  13:07  Pylon  
  117  13:09  Pylon  
  117  13:12  Pylon  
  117  13:14  Pylon  
  117  13:16  Pylon  
  117  13:18  Void Ray x2  
  117  13:19  Pylon, Void Ray x2  
  125  13:21  Pylon  
  125  13:22  Pylon, Void Ray  
  125  13:25  Pylon  
  132  14:00  Nexus  
  132  14:01  Void Ray x2  
  132  14:02  Void Ray x2  
  140  14:04  Void Ray  
  140  14:07  Nexus  
  152  14:34  Pylon  
  152  14:36  Pylon  
  152  14:37  Pylon  
  152  14:39  Pylon  
  152  14:43  Void Ray  
  152  14:45  Void Ray  
  160  14:57  Photon Cannon  
  160  14:59  Photon Cannon  
  160  15:06  Photon Cannon  
  160  15:08  Photon Cannon  
  160  15:09  Photon Cannon  
  160  15:14  Photon Cannon  
  160  15:15  Photon Cannon  
  160  15:19  Photon Cannon  
  160  15:22  Photon Cannon  
  160  15:26  Photon Cannon  
  160  15:29  Photon Cannon  
  160  15:40  Void Ray x2  
  168  15:57  Probe (Chrono Boost)  
  169  16:08  Probe (Chrono Boost)  
  170  16:12  Probe (Chrono Boost)  
  171  16:23  Probe  
  171  16:24  Void Ray x3  
  184  16:35  Probe  
  121  16:56  Void Ray x2  
  93  17:41  Probe (Chrono Boost)  
Show
View Real Time Build Order
Export as new Build Order

Ramoblaze Protoss 

Build Orders:  

Get SALT Encoding   

  12  0:02  Probe (Chrono Boost)  
  13  0:13  Probe (Chrono Boost)  
  14  0:17  Probe (Chrono Boost)  
  15  0:38  Pylon  
  15  0:42  Pylon  
  15  1:17  Gateway  
  15  1:30  Nexus  
  15  1:31  Assimilator  
  15  1:43  Forge  
  15  1:47  Probe (Chrono Boost)  
  16  1:59  Probe (Chrono Boost)  
  17  2:04  Probe (Chrono Boost)  
  18  2:13  Probe, Cybernetics Core  
  19  2:25  Probe, Photon Cannon  
  20  2:36  Photon Cannon  
  20  3:01  Assimilator  
  20  3:02  Probe (Chrono Boost)  
  21  3:09  Zealot  
  21  3:12  Probe (Chrono Boost)  
  24  3:17  Probe (Chrono Boost)  
  25  3:22  Pylon  
  25  3:24  Probe  
  26  3:28  Probe  
  27  3:36  Probe (Chrono Boost), Zealot  
  31  3:43  Probe (Chrono Boost)  
  32  3:48  Probe (Chrono Boost)  
  32  3:56  Probe (Chrono Boost)  
  32  3:59  Assimilator  
  32  4:01  Photon Cannon, Assimilator  
  33  4:03  Probe  
  33  4:04  Photon Cannon  
  28  4:15  Probe  
  16  5:07  Photon Cannon  
  16  5:10  Photon Cannon  
  16  5:16  Photon Cannon  
  16  5:18  Photon Cannon  
Show
View Real Time Build Order
Export as new Build Order

Dragunov Protoss 

Build Orders:  

Get SALT Encoding   

  12  0:32  Pylon  
  12  0:35  Probe (Chrono Boost)  
  12  0:39  Pylon  
  13  0:47  Probe (Chrono Boost)  
  14  0:55  Probe (Chrono Boost)  
  15  0:57  Forge  
  15  1:02  Probe  
  16  1:24  Pylon  
  15  2:01  Assimilator  
  15  2:05  Gateway x2  
  15  2:18  Nexus  
  15  2:49  Probe (Chrono Boost), Assimilator  
  17  2:59  Probe (Chrono Boost)  
  17  3:01  Cybernetics Core  
  17  3:04  Probe (Chrono Boost)  
  17  3:05  Pylon  
  17  3:06  Pylon  
  17  3:11  Zealot  
  20  3:15  Probe  
  21  3:28  Probe  
  19  3:45  Zealot x2  
  9  6:05  Forge  
  9  6:06  Probe  
  9  6:10  Zealot  
  12  6:19  Probe  
Show
View Real Time Build Order
Export as new Build Order

Infamous Protoss 

Build Orders: Forge Fast Expand (FFE) 

Get SALT Encoding   

  12  0:01  Probe  
  13  0:13  Probe  
  14  0:24  Pylon  
  14  0:26  Probe  
  15  0:42  Forge  
  15  0:44  Probe (Chrono Boost)  
  16  0:55  Probe (Chrono Boost)  
  17  1:06  Gateway  
  17  1:17  Probe  
  18  1:22  Pylon  
  18  1:24  Assimilator  
  18  1:44  Nexus  
  18  1:47  Probe  
  19  2:00  Cybernetics Core  
  19  2:07  Photon Cannon  
  19  2:13  Probe  
  20  2:17  Assimilator  
  20  2:26  Pylon  
  20  2:46  Zealot (Chrono Boost)  
  22  2:52  Probe  
  23  3:00  Probe  
  23  3:04  Probe  
  25  3:12  Probe  
  26  3:15  Stargate  
  24  3:35  Photon Cannon  
  24  3:48  Photon Cannon  
  20  4:21  Photon Cannon  
  20  4:23  Zealot  
  22  4:40  Photon Cannon  
  22  4:43  Probe x2  
  24  4:55  Probe x2  
  26  5:15  Photon Cannon  
  26  5:17  Void Ray  
  29  5:25  Pylon  
  29  5:37  Stalker  
  31  5:44  Probe (Chrono Boost)  
  31  5:45  Probe (Chrono Boost)  
  33  5:51  Photon Cannon  
  33  5:56  Probe (Chrono Boost)  
  34  5:58  Probe (Chrono Boost)  
  36  6:05  Probe (Chrono Boost)  
  36  6:22  Probe x2  
  38  6:39  Probe x2 (Chrono Boost)  
  40  6:40  Void Ray  
  44  6:51  Probe x2 (Chrono Boost)  
  46  6:55  Stargate  
  48  7:15  Probe (Chrono Boost)  
  48  7:16  Probe (Chrono Boost)  
  48  7:27  Probe x2 (Chrono Boost)  
  48  7:29  Pylon  
  50  7:34  Void Ray (Chrono Boost)  
  50  7:35  Stargate  
  50  7:36  Void Ray (Chrono Boost)  
  50  7:37  Stargate  
  58  7:59  Shield Battery  
  58  8:02  Photon Cannon  
  58  8:04  Photon Cannon  
  58  8:10  Pylon  
  58  8:14  Pylon  
  58  8:16  Pylon  
  58  8:19  Void Ray x2  
  62  8:22  Protoss Air Weapons Level 1 (Chrono Boost)  
  62  8:23  Void Ray  
  70  8:28  Void Ray  
  74  8:40  Assimilator  
  74  8:43  Pylon  
  74  8:45  Assimilator  
  74  8:46  Pylon  
  74  8:48  Pylon  
  74  8:50  Pylon  
  74  8:57  Probe x2  
  76  9:10  Void Ray  
  76  9:11  Void Ray  
  84  9:36  Probe x2 (Chrono Boost), Cybernetics Core  
  86  9:41  Void Ray  
  88  10:02  Warp Gate  
  87  10:17  Photon Cannon  
  87  10:19  Photon Cannon  
  87  10:21  Photon Cannon  
  87  10:23  Photon Cannon  
  87  10:27  Photon Cannon  
  87  10:30  Void Ray x2 (Chrono Boost)  
  87  10:31  Void Ray (Chrono Boost)  
  87  10:32  Shield Battery, Void Ray (Chrono Boost)  
  103  10:55  Probe x2  
  105  11:07  Probe x2  
  107  11:23  Void Ray x2 (Chrono Boost)  
  107  11:24  Void Ray (Chrono Boost)  
  119  11:42  Void Ray (Chrono Boost)  
  123  12:17  Pylon  
  123  12:18  Pylon  
  123  12:35  Void Ray x2  
  123  12:36  Void Ray x2  
  119  13:18  Void Ray x2  
  119  13:19  Void Ray  
  131  13:24  Robotics Facility  
  115  14:47  Void Ray x3  
  115  14:48  Void Ray  
  131  15:21  Nexus  
  131  15:23  Assimilator  
  131  15:25  Pylon x2, Assimilator  
  131  15:27  Pylon  
  131  15:28  Pylon  
  131  15:30  Void Ray  
  135  15:38  Photon Cannon  
  135  15:40  Photon Cannon  
  135  15:42  Photon Cannon  
  135  15:45  Photon Cannon  
  135  15:47  Photon Cannon  
  129  15:50  Photon Cannon  
  125  16:21  Nexus  
  125  16:25  Photon Cannon  
  125  16:26  Photon Cannon  
  125  16:31  Photon Cannon  
  125  16:33  Photon Cannon  
  125  16:34  Photon Cannon  
  125  16:38  Photon Cannon  
  125  16:41  Photon Cannon  
  125  16:44  Photon Cannon  
  68  17:21  Probe x2  
  68  17:22  Assimilator  
  62  17:33  Probe  
Show
View Real Time Build Order
Export as new Build Order

BlackAlpha Protoss 

Build Orders:  

Get SALT Encoding   

  12  0:51  Assimilator  
  12  0:54  Assimilator  
  12  1:36  Nexus  
  12  1:58  Nexus  
  12  2:39  Nexus  
  12  2:49  Pylon  
  12  2:57  Probe (Chrono Boost)  
  13  3:07  Probe (Chrono Boost)  
  13  3:12  Probe (Chrono Boost)  
  14  3:17  Forge  
  15  3:29  Probe x2  
  15  3:30  Probe  
  18  3:41  Probe x2  
  18  3:42  Probe  
  21  4:10  Photon Cannon  
  21  4:11  Probe x2  
  21  4:12  Probe x2  
  24  4:38  Photon Cannon  
  22  4:41  Photon Cannon  
  3  5:35  Photon Cannon  
  3  5:38  Pylon  
Tags
 
Add a new tag
Caveats
  • Supply blocks, unpowered buildings, or Contaminate may cause inaccurate times.
  • Supply counts are checked every 10 seconds.